 Dungeon Crawl Stone Soup version 0.31-a0-618-g7ca08c1ff9 (webtiles) character file.

Game seed: 2895073680937516521

55926 Glub the Bludgeoner (level 14, -7/90 HPs)
             Began as a Gargoyle Fighter on Nov 7, 2020.
             Was the Champion of Okawaru.
             Mangled by a fenstrider witch (12 damage)
             ... while paralysed by a fenstrider witch
             ... on level 2 of the Swamp on Aug 22, 2023.
             The game lasted 01:24:53 (19672 turns).

Glub the Bludgeoner (Gargoyle Fighter)             Turns: 19672, Time: 01:24:54

Health: -7/90      AC: 36    Str: 35    XL:     14   Next: 79%
Magic:  8/15       EV:  2    Int: 11    God:    Okawaru [******]
Gold:   679        SH:  0    Dex: 15    Spells: 11/13 levels left

rFire   . . .        p - +6 morningstar (drain)
rCold   . . .        c - +0 kite shield
rNeg    + . .        y - +6 chain mail of the Pink Corner {Rampage Dex+6}
rPois   ∞            (no helmet)
rElec   +            h - scarf {shadows}
rCorr   .            b - +0 pair of gloves {Stlth+}
SInv    .            Y - +3 pair of seven-league boots {Rampage+∞}
Will    +....        t - amulet of faith
Stlth   ++           R - +6 ring of strength
HPRegen 0.35/turn    m - +6 ring of strength
MPRegen 0.14/turn

%: rampage+∞, faith
@: paralysed, heroic, finesse-ful, flying
A: sickness immunity, AC +10, big wings, negative energy resistance 1,
electricity resistance, torment resistance 1, petrification resistance
a: Renounce Religion, Heroism, Finesse, Duel


You were on level 2 of the Swamp.
You worshipped Okawaru.
Okawaru was exalted by your worship.
You visited 4 branches of the dungeon, and saw 19 of its levels.
You also visited: Bailey and Gauntlet.

You collected 1239 gold pieces.
You spent 560 gold pieces at shops.

Inventory:

Hand Weapons
 p - a +6 morningstar of draining (weapon)
 W - a +4 antimagic broad axe
Missiles
 s - 2 boomerangs
 H - 5 throwing nets
 S - 5 silver javelins (quivered)
Armour
 b - a +0 pair of gloves of stealth (worn)
 c - a +0 kite shield (worn)
 h - a scarf of shadows (worn)
 y - the +6 chain mail of the Pink Corner (worn) {Rampage Dex+6}
   (You found it on level 7 of the Dungeon)

   Dex+6:     It affects your dexterity (+6).
   Rampage:   It bestows one free step when moving towards enemies.
 D - an orb of wrath
 Y - the +3 pair of seven-league boots (worn) {Rampage+∞}
   (You found it on level 2 of the Lair of Beasts)

   Rampage+∞: When moving toward enemies, its wearer moves as far as possible,
   alerting their target en route.
Jewellery
 m - a +6 ring of strength (right hand)
 n - a +6 ring of intelligence
 t - an amulet of faith (around neck)
 x - an amulet of reflection
 z - a ring of resist corrosion
 B - a +4 ring of protection
 P - the amulet of Cameodgh {RegenMP Str+2}
   (You found it in a Gauntlet)

   [amulet of magic regeneration]

   RegenMP:   It increases your rate of magic regeneration.
   Str+2:     It affects your strength (+2).
 R - a +6 ring of strength (left hand)
Talismans
 Q - a maw talisman
Wands
 f - a wand of flame (23)
 k - a wand of quicksilver (5)
 G - a wand of digging (13)
 V - a wand of roots (5)
Scrolls
 e - 3 scrolls of amnesia
 g - 2 scrolls of fear
 j - 2 scrolls of enchant armour
 o - 2 scrolls of blinking
 w - 7 scrolls of teleportation
 E - a scroll of immolation
 F - 2 scrolls of torment
 I - a scroll of revelation
 J - 10 scrolls of identify
 L - 3 scrolls of vulnerability
 Z - a scroll of fog {unknown}
Potions
 a - 11 potions of curing
 d - 9 potions of might
 i - 2 potions of magic
 l - 3 potions of brilliance
 q - a potion of attraction {unknown}
 u - 2 potions of ambrosia
 v - 2 potions of haste
 A - 3 potions of invisibility
 C - 5 potions of resistance
 M - a potion of lignification {unknown}
 X - a potion of heal wounds
Miscellaneous
 r - a condenser vane
 T - a lightning rod (4/4)
 U - a phial of floods


   Skills:
 + Level 11.3(16.3) Fighting
 + Level 4.6(15.9) Axes
 + Level 16.3(21.6) Maces & Flails
 + Level 1.0(8.0) Polearms
 + Level 0.1(5.1) Throwing
 + Level 10.4(15.4) Armour
 + Level 5.1(10.1) Dodging
 + Level 3.2(8.2) Stealth
 + Level 13.2(18.2) Shields
 + Level 0.2(5.2) Unarmed Combat
 + Level 2.3 Invocations
 + Level 0.2 Evocations


You had 11 spell levels left.
You knew the following spells:

 Your Spells              Type           Power      Damage    Failure   Level
a - Blink                 Tloc           0%         N/A       83%         2

Your spell library contained the following spells:

 Spells                   Type           Power      Damage    Failure   Level
 Slow                     Hex            0%         N/A       71%         1
 Ensorcelled Hibernation  Hex/Ice        0%         N/A       83%         2
 Lesser Beckoning         Tloc           0%         N/A       83%         2
 Passwall                 Tmut/Erth      0%         N/A       83%         2
 Poisonous Vapours        Pois/Air       0%         N/A       83%         2
 Wereblood                Tmut           0%         N/A       83%         2
 Confusing Touch          Hex            0%         N/A       97%         3
 Dazzling Flash           Conj/Hex       0%         N/A       97%         3
 Gell's Gravitas          Tloc           0%         N/A       97%         3
 Ignite Poison            Fire/Tmut/Pois 0%         N/A       97%         3
 Inner Flame              Hex/Fire       0%         N/A       97%         3
 Mephitic Cloud           Conj/Pois/Air  0%         N/A       97%         3
 Portal Projectile        Hex/Tloc       0%         N/A       97%         3
 Teleport Other           Tloc           0%         N/A       97%         3
 Vampiric Draining        Necr           0%         2d6       97%         3
 Vhi's Electric Charge    Tloc/Air       0%         N/A       97%         3
 Volatile Blastmotes      Fire/Tloc      0%         2d10      97%         3
 Flame Wave               Conj/Fire      0%         2d4       100%        4
 Leda's Liquefaction      Hex/Erth       0%         N/A       100%        4
 Manifold Assault         Tloc           0%         N/A       100%        4
 Petrify                  Tmut/Erth      0%         N/A       100%        4
 Sticky Flame             Conj/Fire      0%         2d3       100%        4
 Arcjolt                  Conj/Air       0%         1d10      100%        5
 Borgnjor's Vile Clutch   Necr/Erth      0%         N/A       100%        5
 Freezing Cloud           Conj/Ice/Air   0%         6-21      100%        5
 Irradiate                Conj/Tmut      0%         3d11      100%        5
 Metabolic Englaciation   Hex/Ice        0%         N/A       100%        5
 Dispersal                Tloc           0%         N/A       100%        6
 Plasma Beam              Fire/Air       0%         2x1d10    100%        6
 Starburst                Conj/Fire      0%         6d3       100%        6
 Orb of Destruction       Conj           0%         9d5       100%        7
 Ozocubu's Refrigeration  Ice            0%         4d7       100%        7
 Disjunction              Tloc           0%         N/A       100%        8
 Ignition                 Fire           0%         3d3       100%        8
 Maxwell's Capacitive Co  Air            0%         ∞         100%        8
 Polar Vortex             Ice            0%         N/A       100%        9
 Sublimation of Blood     Necr           Unusable   N/A       N/A         2
 Call Canine Familiar     Summ           Unusable   N/A       N/A         3
 Summon Guardian Golem    Hex/Summ       Unusable   N/A       N/A         3
 Animate Dead             Necr           Unusable   N/A       N/A         4
 Summon Forest            Summ/Tloc      Unusable   N/A       N/A         5
 Death Channel            Necr           Unusable   N/A       N/A         6
 Simulacrum               Ice/Necr       Unusable   N/A       N/A         6
 Spellforged Servitor     Conj/Summ      Unusable   N/A       N/A         7
 Infestation              Necr           Unusable   N/A       N/A         8

Dungeon Overview and Level Annotations

Branches:
Dungeon (13/15)            Temple (1/1) D:5            Lair (3/6) D:11
  Swamp (2/4) Lair:3        Snake (0/4) Lair:3          Orc (0/2) D:10
 Vaults (0/5) D:13         Bailey (visited)         Gauntlet (visited)

Altars:
Ashenzari
Cheibriados
Dithmenos
Elyvilon
Fedhas
Gozag
Hepliaklqana
Kikubaaqudgha
Makhleb
Nemelex Xobeh
Okawaru
Qazlal
Ru
Sif Muna
Trog
Uskayaw
Vehumet
Wu Jian
Yredelemnul
Zin
The Shining One

Shops:
D:5 [   D:7 :   D:10 *?*[   D:12 (   D:13 :(!(

Annotations:
D:7 3 runed translucent doors, javelincjr's ghost, novice DsCj
D:9 3 runed translucent doors, GoodGuyCap's ghost, novice OpSh
Lair:3 Kirke


Innate Abilities, Weirdness & Mutations

You are immune to sickness and miasma.
Your stone body is resilient. (AC +10)
You are immune to poison.
Your large and strong wings let you fly.
You resist negative energy. (rN+)
You are resistant to electric shocks. (rElec)
You are resistant to unholy torment.
You are immune to petrification.


Message History

You block the seven-headed hydra's attack.
The seven-headed hydra bites you!
The seven-headed hydra closely misses you.
You block the seven-headed hydra's attack.
The seven-headed hydra bites you!
You can now deal lightning-fast blows.
The fenstrider witch casts a spell at you.
You suddenly lose the ability to move!
The seven-headed hydra completely misses you.
The seven-headed hydra bites you but does no damage. x2
The seven-headed hydra completely misses you.
The seven-headed hydra bites you but does no damage. x3
The fenstrider witch hits you but does no damage.
The fenstrider witch kicks you but does no damage.
The fenstrider witch hits you but does no damage.
The fenstrider witch kicks you but does no damage.
The seven-headed hydra bites you but does no damage. x3
The seven-headed hydra bites you.
The seven-headed hydra bites you but does no damage. x3
The fenstrider witch gestures at you while chanting.
Your body is wracked with pain!
* * * LOW HITPOINT WARNING * * *
The bunyip claws you.
* * * LOW HITPOINT WARNING * * *
The bunyip claws you but does no damage. x2
The seven-headed hydra bites you but does no damage. x5
The seven-headed hydra bites you.
* * * LOW HITPOINT WARNING * * *
The seven-headed hydra bites you but does no damage.
The fenstrider witch casts a spell at you.
You shrug off the repeated paralysis!
The seven-headed hydra bites you but does no damage. x4
The seven-headed hydra barely misses you.
The seven-headed hydra bites you!
* * * LOW HITPOINT WARNING * * *
The seven-headed hydra bites you but does no damage.
The fenstrider witch hits you.
* * * LOW HITPOINT WARNING * * *
The fenstrider witch kicks you!
You die...

~~~~~~~~~..
..~~~~§~~.♣♣
.>~~§.~~§~~♣
..~~...~~~♣
♣~~~~~~..~♣
♣.~~~.~~~.♣
♣.~~.<~~.♣♣
♣~.~♣.x~..♣♣♣≈
♣♣..~.D@H..(..
♣..~...~♣...♣.
♣.....♣♣♣ .♣♣
♣♣♣♣♣♣♣ ♣


You could see a bunyip, a seven-headed hydra and a fenstrider witch (drained).

Vanquished Creatures
  A minotaur (Gauntlet)
  An ettin (D:13)
  Snorg (Lair:3)
  Fannar (Lair:3)
  The ghost of Age the Warrior, a novice MiFi (Lair:1)
  4 hydras (Swamp:1)
  A vault guard (D:13)
  3 ghost crabs (Swamp:1)
  A centaur warrior (D:13)
  3 boulder beetles
  A death scarab (Gauntlet)
  2 two-headed ogres
  3 tengu warriors (D:13)
  A spriggan berserker (Swamp:1)
  Nergalle (D:10)
  Sonja (D:13)
  A goliath frog (Swamp:1)
  2 bog bodies (Swamp:1)
  A wizard (D:12)
  4 deep elf pyromancers
  2 wolf spiders (Lair:3)
  2 manticores
  An ugly thing (D:13)
  A guardian serpent (Lair:2)
  3 black mambas (Lair:2)
  3 gargoyles
  A torpor snail (Lair:1)
  Jeremiah (D:7)
  6 cane toads
  2 rime drakes (Lair:3)
  2 kobold demonologists (D:12)
  2 ice devils (Gauntlet)
  10 komodo dragons
  3 trolls
  A polar bear (Lair:3)
  2 tyrant leeches (Swamp:1)
  The ghost of DarkMailMan the Chopper, an amateur DsGl of Makhleb (D:4)
  The ghost of robertstho the Firebug, an amateur GnFE (D:3)
  7 dream sheep (Lair:3)
  7 hornets
  13 blink frogs
  8 slime creatures
  6 spriggans (Swamp:1)
  4 wraiths
  A shadow (D:9)
  6 basilisks
  A vampire (Bailey)
  31 yaks
  6 wyverns
  4 hogs (Lair:3)
  2 steam dragons (D:8)
  5 swamp worms (Swamp:1)
  2 nagas (Lair:3)
  12 water moccasins
  4 acid dragons (D:11)
  2 orc warriors
  An ice beast (D:6)
  3 sky beasts
  2 ogres
  17 wolves
  2 centaurs
  A phantom (D:5)
  12 bullfrogs
  2 kobold brigands
  A gnoll sergeant (D:13)
  3 scorpions
  7 wights
  20 killer bees
  2 electric eels (D:11)
  A howler monkey (D:4)
  8 wolf zombies (Bailey)
  8 vampire bats (Bailey)
  A gnoll bouda (D:8)
  3 hounds
  3 jellies
  6 orc wizards
  2 orc priests
  7 iguanas
  A removed worker ant (D:2)
  13 gnolls
  18 adders
  2 shadow imps (D:7)
  5 white imps (Gauntlet)
  An adder zombie (D:3)
  3 adder skeletons
  2 worms (D:2)
  4 dart slugs
  28 orcs
  A removed leopard gecko (D:3)
  10 bats
  2 ghosts (D:4)
  2 giant cockroaches
  7 goblins
  3 hobgoblins
  2 jackals (D:2)
  2 quokkas
  6 frilled lizards
  24 kobolds
  22 orc zombies (Bailey)
  4 rats
473 creatures vanquished.

Vanquished Creatures (others)
  A bloated husk (Swamp:1)
1 creature vanquished.

Grand Total: 474 creatures vanquished

Notes
Turn   | Place    | Note
-------+----------+-------------------------------------------
     0 | D:1      | Glub the Gargoyle Fighter began the quest for the Orb.
     0 | D:1      | Reached XP level 1. HP: 14/14 MP: 1/1
   163 | D:1      | Reached XP level 2. HP: 18/19 MP: 2/2
   814 | D:2      | Reached XP level 3. HP: 17/23 MP: 3/3
  1092 | D:2      | Reached XP level 4. HP: 29/29 MP: 4/4
  1148 | D:2      | Reached skill level 3 in Maces & Flails
  1226 | D:2      | You fall into a shaft and drop 1 floor!
  1228 | D:3      | Found a runed translucent door.
  1229 | D:3      | Noticed a bullfrog
  1266 | D:3      | Noticed robertstho's ghost (amateur GnFE)
  1306 | D:3      | Found a glowing golden altar of the Shining One.
  1341 | D:3      | Found a hide-covered altar of Uskayaw.
  1356 | D:3      | Reached XP level 5. HP: 29/33 MP: 5/5
  1876 | D:2      | Found a white marble altar of Elyvilon.
  2228 | D:3      | Found a blossoming altar of Fedhas.
  2586 | D:3      | Reached skill level 4 in Maces & Flails
  2586 | D:3      | Reached XP level 6. HP: 27/38 MP: 6/6
  2596 | D:3      | Reached skill level 5 in Shields
  2612 | D:3      | Killed robertstho's ghost
  2612 | D:3      | Reached skill level 1 in Dodging
  2612 | D:3      | Reached XP level 7. HP: 22/43 MP: 7/7
  2894 | D:4      | Reached skill level 5 in Maces & Flails
  2994 | D:4      | Found a snail-covered altar of Cheibriados.
  3016 | D:4      | Upgraded the game from 0.26-a0-757-g626ac9e51a to
                  | 0.31-a0-609-g7bf6ffcfed
  3069 | D:4      | Found a runed translucent door.
  3078 | D:4      | Noticed DarkMailMan's ghost (amateur DsGl)
  3356 | D:4      | Reached skill level 6 in Maces & Flails
  3516 | D:4      | Found a stormy altar of Qazlal.
  3611 | D:4      | Reached XP level 8. HP: 45/48 MP: 8/8
  3963 | D:5      | Entered Level 5 of the Dungeon
  4056 | D:5      | Found Cebo's Armour Shop.
  4338 | D:5      | Found a staircase to the Ecumenical Temple.
  4348 | Temple   | Entered the Ecumenical Temple
  4371 | Temple   | Became a worshipper of Warmaster Okawaru
  4509 | D:5      | Reached skill level 1 in Stealth
  4990 | D:6      | Reached skill level 5 in Fighting
  4990 | D:6      | Reached skill level 7 in Maces & Flails
  5131 | D:6      | Reached * piety under Okawaru
  5767 | D:7      | Found a hazy altar of Hepliaklqana.
  5799 | D:7      | Reached skill level 8 in Maces & Flails
  5799 | D:7      | Reached XP level 9. HP: 51/54 MP: 9/9
  5946 | D:7      | Noticed javelincjr's ghost (novice DsCj)
  5950 | D:7      | Noticed Jeremiah
  5971 | D:7      | Noticed a kobold demonologist
  6146 | D:7      | Killed Jeremiah
  6336 | D:7      | Noticed a glowing orange brain
  6340 | D:7      | Reached ** piety under Okawaru
  6345 | D:7      | Identified the +6 chain mail of the Pink Corner {Rampage
                  | Dex+6}
  6437 | D:7      | Noticed a torpor snail
  6438 | D:7      | Found a runed translucent gate.
  6438 | D:7      | Found a runed translucent gate.
  6445 | D:7      | Found a runed translucent gate.
  6485 | D:7      | Noticed a glowing orange brain
  6544 | D:7      | Found Buolom's Book Shoppe.
  6739 | D:7      | Noticed a lindwurm
  6894 | D:4      | Killed DarkMailMan's ghost
  6967 | D:7      | Noticed an anaconda
  7001 | D:8      | Identified the +1 robe "Wigraih" {rC+ Int-3 Slay+6
                  | Archmagi}
  7156 | D:8      | Reached skill level 9 in Maces & Flails
  7169 | D:8      | Reached skill level 1 in Polearms
  7178 | D:8      | Reached skill level 5 in Armour
  7189 | D:8      | Reached *** piety under Okawaru
  7277 | D:8      | Reached XP level 10. HP: 44/60 MP: 10/10
  7359 | D:8      | Found a flagged portal.
  7367 | Bailey   | Entered a bailey
  7459 | Bailey   | Noticed a gargoyle
  7468 | Bailey   | Killed a gargoyle
  7469 | Bailey   | Reached skill level 10 in Maces & Flails
  7503 | Bailey   | Identified the +0 pair of boots of Ripur {rN++ SInv}
  7667 | Bailey   | Reached **** piety under Okawaru
  8830 | D:9      | Reached skill level 11 in Maces & Flails
  8979 | D:9      | Found a runed translucent gate.
  8979 | D:9      | Found a runed translucent gate.
  8979 | D:9      | Found a runed translucent gate.
  9022 | D:9      | Noticed GoodGuyCap's ghost (novice OpSh)
  9575 | D:10     | Entered Level 10 of the Dungeon
  9598 | D:10     | Found Modiahef's Assorted Antiques.
  9690 | D:10     | Found a staircase to the Orcish Mines.
  9801 | D:10     | Reached ***** piety under Okawaru
  9895 | D:10     | Reached XP level 11. HP: 63/67 MP: 11/11
  9949 | D:10     | Found Idal's Antique Armour Emporium.
 10003 | D:10     | Bought a pair of glowing gloves for 255 gold pieces
 10168 | D:10     | Found Kompi's Magic Scroll Shop.
 10175 | D:10     | Bought a scroll of enchant armour for 97 gold pieces
 10175 | D:10     | Bought a scroll of identify for 26 gold pieces
 10175 | D:10     | Bought a scroll of identify for 26 gold pieces
 10221 | D:10     | Noticed a two-headed ogre
 10227 | D:10     | Killed a two-headed ogre
 10251 | D:10     | Found Jopusir's General Store.
 10586 | D:10     | Noticed Nergalle
 10596 | D:10     | Killed Nergalle
 10597 | D:10     | Reached skill level 12 in Maces & Flails
 10643 | D:11     | Noticed a two-headed ogre
 10647 | D:11     | Killed a two-headed ogre
 10802 | D:11     | Noticed a manticore
 10805 | D:11     | Noticed a deep elf pyromancer
 10811 | D:11     | Killed a manticore
 10818 | D:11     | Killed a deep elf pyromancer
 11236 | D:11     | Reached ****** piety under Okawaru
 11254 | D:11     | Received a gift from Okawaru
 11271 | D:11     | Found a staircase to the Lair.
 11279 | D:11     | Reached skill level 13 in Maces & Flails
 11489 | D:11     | Reached XP level 12. HP: 75/75 MP: 12/12
 11659 | D:11     | Reached skill level 10 in Shields
 11839 | D:12     | Identified the +4 mace of Conformity {freeze, rN+} (Okawaru
                  | gifted it to you on level 12 of the Dungeon)
 11839 | D:12     | Received a gift from Okawaru
 11928 | D:12     | Found Qafu's Weapon Shoppe.
 11933 | D:12     | Found a gate leading to a gauntlet.
 12005 | Gauntlet | Entered a Gauntlet
 12005 | Gauntlet | Found a transporter.
 12020 | Gauntlet | Found a transporter.
 12021 | Gauntlet | Found a transporter.
 12028 | Gauntlet | Found a transporter.
 12031 | Gauntlet | Found a transporter.
 12039 | Gauntlet | Found a transporter.
 12056 | Gauntlet | Noticed a death scarab
 12057 | Gauntlet | Found a transporter.
 12060 | Gauntlet | Noticed a death scarab
 12074 | Gauntlet | Found a transporter.
 12077 | Gauntlet | Found a transporter.
 12088 | Gauntlet | Found a transporter.
 12090 | Gauntlet | Found a transporter.
 12101 | Gauntlet | Found a transporter.
 12142 | Gauntlet | Identified the amulet of Cameodgh {RegenMP Str+2}
 12262 | Gauntlet | Upgraded the game from 0.31-a0-609-g7bf6ffcfed to
                  | 0.31-a0-618-g7ca08c1ff9
 12354 | Gauntlet | HP: 1/75 [death scarab (8)]
 12369 | Gauntlet | Killed a death scarab
 12562 | Gauntlet | Noticed a minotaur
 12567 | Gauntlet | Killed a minotaur
 12568 | Gauntlet | Reached skill level 1 in Invocations
 12572 | Gauntlet | Identified the +2 scale mail of the Lonely Ears {rElec
                  | rPois Dex+4 Stlth-}
 12573 | Gauntlet | Got the Verses on the Blink Frog and the Body
 12573 | Gauntlet | Got the Tome of the Nival Mortuary
 12923 | D:12     | Noticed a boulder beetle
 12945 | D:12     | Killed a boulder beetle
 13137 | D:12     | Reached skill level 14 in Maces & Flails
 13487 | D:13     | Noticed a tengu warrior
 13506 | D:13     | Killed a tengu warrior
 13584 | D:13     | Found Naeriha's Distillery.
 13591 | D:13     | Bought a potion of might for 52 gold pieces
 13591 | D:13     | Bought a potion of heal wounds for 65 gold pieces
 13591 | D:13     | Bought a potion of curing for 39 gold pieces
 13592 | D:13     | Found Wejuduv's Weapon Boutique.
 13769 | D:13     | Noticed a boulder beetle
 13783 | D:13     | Killed a boulder beetle
 13911 | D:13     | Received a gift from Okawaru
 13936 | D:13     | Found Kaxudgh's Weapon Shop.
 14002 | D:13     | Noticed an iron troll
 14004 | D:13     | Noticed an ettin
 14008 | D:13     | Noticed a vault guard
 14023 | D:13     | Noticed a rakshasa
 14023 | D:13     | Noticed a centaur warrior
 14024 | D:13     | Noticed a centaur warrior
 14035 | D:13     | Noticed a boulder beetle
 14046 | D:13     | Noticed a centaur warrior
 14059 | D:13     | Reached skill level 1 in Axes
 14068 | D:13     | Noticed a tengu warrior
 14159 | D:13     | Found Plog's Book Shop.
 14250 | D:13     | Noticed a tengu warrior
 14254 | D:13     | Noticed a tengu warrior
 14268 | D:13     | Killed a tengu warrior
 14269 | D:13     | Reached XP level 13. HP: 19/80 MP: 12/14
 14523 | D:13     | Noticed Sonja
 14531 | D:13     | Killed Sonja
 14593 | D:13     | Killed a vault guard
 14644 | D:13     | Found a gate to the Vaults.
 14736 | D:13     | Killed an ettin
 14736 | D:13     | Identified the +7 crystal plate armour "Qyeffael" {rPois
                  | rF- rN++ Int+3} (Okawaru gifted it to you on level 13 of
                  | the Dungeon)
 14736 | D:13     | Received a gift from Okawaru
 15056 | Lair:1   | Entered Level 1 of the Lair of Beasts
 15449 | Lair:1   | Found a large runed translucent door.
 15449 | Lair:1   | Found a large runed translucent door.
 15457 | Lair:1   | Noticed Age's ghost (novice MiFi)
 15544 | Lair:1   | You fall into a shaft and drop 1 floor!
 15651 | Lair:2   | Learned a level 2 spell: Blink
 16039 | Lair:2   | Received a gift from Okawaru
 16392 | Lair:2   | Found the +3 pair of seven-league boots {Rampage+∞}
 16402 | Lair:2   | Reached skill level 10 in Fighting
 16406 | Lair:2   | Reached skill level 15 in Maces & Flails
 17100 | Lair:1   | Identified the +1 pair of boots "Arphiot" {rElec rPois rC+}
                  | (Okawaru gifted it to you on level 1 of the Lair of Beasts)
 17100 | Lair:1   | Received a gift from Okawaru
 17367 | Lair:1   | Killed Age's ghost
 17488 | Lair:3   | Found a staircase to the Swamp.
 17500 | Lair:3   | Found a staircase to the Snake Pit.
 17555 | Lair:3   | Gained mutation: Your large and strong wings let you fly.
                  | [Gargoyle growth]
 17555 | Lair:3   | Reached XP level 14. HP: 88/88 MP: 15/15
 17799 | Lair:3   | Noticed Fannar
 17813 | Lair:3   | Killed Fannar
 18056 | Lair:3   | Noticed Snorg
 18065 | Lair:3   | Killed Snorg
 18230 | Lair:3   | Noticed Kirke
 18241 | Lair:3   | Reached skill level 10 in Armour
 18762 | Swamp:1  | Entered Level 1 of the Swamp
 18791 | Swamp:1  | Reached skill level 16 in Maces & Flails
 19135 | Swamp:1  | Received a gift from Okawaru
 19169 | Swamp:1  | Reached skill level 5 in Dodging
 19662 | Swamp:2  | Noticed a fenstrider witch
 19669 | Swamp:2  | Paralysed by a fenstrider witch for 4 turns
 19672 | Swamp:2  | Mangled by a fenstrider witch

Illustrated notes

Levels and vault maps discovered:
D:1:      dpeg_arrival_short_road, layout_loops_ring
D:2:      wad_lake_hut, layout_basic, elyvilon_altar_1, skrybe_limestone_x,
          kennysheep_nub
D:3:      layout_basic, nicolae_overflow_hidden_temple,
          nicolae_overflow_crystal_walls, ebering_ghost_sewer_d, nrook_uturn,
          kennysheep_generic_room_16
D:4:      kennysheep_spiral_hall, layout_basic, kennysheep_mini_moat,
          lemuel_crystal_altar, ebering_ghost_reflecting_pool,
          grunt_ministairs_7
D:5:      layout_basic, minmay_temple_entry_drinking_statues, serial_shops, shop
D:6:      layout_basic
D:7:      layout_basic, nzn_hepliaklqana_mist_gate, serial_shops,
          nicolae_book_shop_shelving, gammafunk_ghost_split, uniq_jeremiah
D:8:      layout_loops_ring, enter_bailey_2
D:9:      layout_basic, gammafunk_ghost_icy
D:10:     layout_basic, orc_0_dummy, serial_shops, shop, shop, shop,
          nicolae_shop_advertising_works [nicolae_subvault_shop_adworks],
          uniq_nergalle
D:11:     layout_roguey, erik_lair_dragon, serial_bayou, serial_bayou_pond_a,
          serial_bayou_crossing, serial_bayou_shore_a, serial_bayou_shore_b
D:12:     layout_loops_ring, serial_shops, shop, gauntlet_entry_generic
D:13:     layout_gridville, david_vaults_4, serial_shops,
          nicolae_shop_industrial_runoff, shop, nicolae_shop_tiny_waterfront,
          shop, grunt_ogre_cave, minivault_12, uniq_sonja
Temple:   jpeg_temple_clearing
Lair:1:   layout_small_grid, ebering_ghost_disaster_area
Lair:2:   layout_regular_city, chequers_serial_rivers_room_a,
          hellmonk_guarded_unrand_seven_league_boots
Lair:3:   layout_roguey, minmay_swamp_entry_worms, guppyfry_snake_entry_island,
          nicolae_lair_run_with_the_wolves, uniq_kirke, uniq_fannar, uniq_snorg
Swamp:1:  layout_basic_swamp, evilmike_swamp_ruin_house_3, swamp_pool3
Swamp:2:  layout_basic_swamp, evilmike_swamp_ruin_house_2, swamp_pool4

Skill      XL: |  1  2  3  4  5  6  7  8  9 10 11 12 13 14 |
---------------+-------------------------------------------+-----
Shields        | 4 5 6 7 8 9 11 12 13 | 13.2
Maces & Flails | 3 4 6 8 9 11 13 14 15 16 | 16.3
Fighting       | 4 5 6 7 8 9 10 11 | 11.3
Dodging        | 1 2 3 4 5 |  5.1
Armour         | 4 5 6 7 8 9 10 | 10.4
Stealth        | 1 3 |  3.2
Polearms       | 1 |  1.0
Invocations    | 1 2 |  2.3
Axes           | 1 4 |  4.6
Throwing       | |  0.1
Unarmed Combat | |  0.2
Evocations     | |  0.2

Action                     |  1- 3 |  4- 6 |  7- 9 | 10-12 | 13-15 || total
---------------------------+-------+-------+-------+-------+-------++-------
  Melee: Flail             |    73 |   121 |       |       |       ||   194
         Morningstar       |       |    30 |   280 |   694 |   528 ||  1532
         Trident           |       |       |     7 |       |       ||     7
         Broad axe         |       |       |       |    25 |    49 ||    74
         Unarmed           |       |       |       |       |     3 ||     3
  Throw: Javelin           |       |       |       |       |     3 ||     3
 Invoke: Heroism           |       |       |     2 |     7 |     5 ||    14
         Finesse           |       |       |       |     2 |     2 ||     4
  Evoke: Wand              |       |       |     2 |       |       ||     2
    Use: Potion            |       |     6 |     2 |     6 |       ||    14
         Scroll            |       |     3 |       |    22 |       ||    25
 Armour: Chain mail        |    29 |       |    61 |   472 |   380 ||   942
         Scale mail        |     1 |       |       |       |       ||     1
         Leather armour    |    14 |    75 |    80 |       |       ||   169
  Dodge: Dodged            |    17 |    65 |   100 |   247 |   220 ||   649
  Block: Kite shield       |    35 |   109 |   127 |   469 |   376 ||  1116

Table legend: (Time is in decaauts)
 A = Elapsed time spent in this place.
 B = Non-inter-level travel time spent in this place.
 C = Inter-level travel time spent in this place.
 D = Time resting spent in this place.
 E = Time spent auto-exploring this place.
 F = Levels seen in this place.
 G = Mean time per level.
                   A        B        C        D        E       F      G
               +--------+--------+--------+--------+--------+-----+--------+
         Total |  19750 |  18896 |    854 |      0 |  14179 |  21 |  940.5 |
       Dungeon |  14094 |  13363 |    731 |      0 |  10685 |  13 | 1084.2 |
        Temple |     46 |     23 |     23 |      0 |      0 |   1 |   46.0 |
          Lair |   3646 |   3568 |     78 |      0 |   2641 |   3 | 1215.3 |
         Swamp |    865 |    844 |     21 |      0 |    663 |   2 |  432.5 |
        Bailey |    538 |    538 |      0 |      0 |    190 |   1 |  538.0 |
      Gauntlet |    558 |    558 |      0 |      0 |      0 |   1 |  558.0 |
               +--------+--------+--------+--------+--------+-----+--------+

Top non-repeatable levels by time:
    D:13: 1431 daAuts
  Lair:2: 1372 daAuts
    D:11: 1259 daAuts
  Lair:1: 1246 daAuts
     D:4: 1241 daAuts
     D:2: 1191 daAuts
    D:12: 1136 daAuts
     D:6: 1105 daAuts
     D:8: 1100 daAuts
    D:10: 1066 daAuts
  Lair:3: 1027 daAuts
     D:9: 980 daAuts
     D:7: 975 daAuts
     D:3: 958 daAuts
 Swamp:1: 856 daAuts
